 Dungeon Crawl Stone Soup version 0.30-a0-799-g109b55a442 (webtiles) character file.

Game seed: 4647245663815744362

420 NotreDorf the Ducker (level 6, -3/49 HPs)
             Began as a Merfolk Gladiator on Feb 21, 2023.
             Slain by Duvessa
             ... wielding a +0 rapier
              (10 damage)
             ... on level 5 of the Dungeon.
             The game lasted 00:10:49 (3595 turns).

NotreDorf the Ducker (Merfolk Gladiator)            Turns: 3595, Time: 00:10:49

Health: -3/49      AC:  7    Str: 14    XL:     6   Next: 94%
Magic:  9/9        EV: 15    Int: 14    God:
Gold:   172        SH:  0    Dex: 17    Spells: 8/10 levels left

rFire   . . .      SeeInvis .    a - +1 long sword
rCold   . . .      Faith    .    j - orb {light}
rNeg    . . .      Spirit   .    b - +0 leather armour
rPois   .          Reflect  .    c - +0 helmet
rElec   .          Harm     .    (no cloak)
rCorr   .          Rampage  .    u - +0 pair of gloves
Will    .....                    t - +1 pair of boots
Stlth   +                        (no amulet)
HPRegen 0.28/turn                A - +6 ring of intelligence
MPRegen 0.11/turn                (no ring)

@: glowing
A: (nimble swimmer 2), mertail
a: no special abilities


You were on level 5 of the Dungeon.
You visited 1 branch of the dungeon, and saw 5 of its levels.

You collected 172 gold pieces.

Inventory:

Hand Weapons
 a - a +1 long sword (weapon)
Missiles
 d - a throwing net (quivered)
 e - a javelin
 s - 4 boomerangs
Armour
 b - a +0 leather armour (worn)
 c - a +0 helmet (worn)
 j - an orb of light (worn)
 t - a +1 pair of boots (worn)
 u - a +0 pair of gloves (worn)
Jewellery
 A - a +6 ring of intelligence (left hand)
Wands
 y - a wand of mindburst (11)
Scrolls
 f - 3 scrolls of fear {unknown}
 g - a scroll of identify
 k - a scroll of fog
 l - a scroll of poison
 n - a scroll of blinking
 x - a scroll of teleportation
 z - a scroll of enchant weapon
Potions
 h - 2 potions of degeneration {unknown}
 i - a potion of might
 m - a potion of curing
 p - a potion of heal wounds
 v - 4 potions of berserk rage


   Skills:
 + Level 4.4 Fighting
 + Level 5.6 Long Blades
 - Level 2.0 Throwing
 + Level 6.1 Dodging
 + Level 2.5 Spellcasting


You had 8 spell levels left.
You knew the following spells:

 Your Spells              Type           Power      Damage    Failure   Level
a - Blink                 Tloc           2%         N/A       41%         2

Your spell library contained the following spells:

 Spells                   Type           Power      Damage    Failure   Level
 Apportation              Tloc           2%         N/A       28%         1
 Magic Dart               Conj           4%         1d3       28%         1
 Lesser Beckoning         Tloc           2%         N/A       41%         2
 Momentum Strike          Conj/Tloc      2%         3d8       41%         2
 Scorch                   Fire           2%         2d5       41%         2
 Searing Ray              Conj           2%         2d4       41%         2
 Gell's Gravitas          Tloc           1%         N/A       65%         3
 Inner Flame              Hex/Fire       1%         N/A       65%         3
 Teleport Other           Tloc           1%         N/A       65%         3
 Cause Fear               Hex            0%         N/A       96%         4
 Alistair's Intoxication  Tmut/Pois      0%         N/A       100%        5
 Discord                  Hex            0%         N/A       100%        8


Dungeon Overview and Level Annotations

Branches:
Dungeon (5/15)
 Temple: D:4-7

Altars:

Shops:
D:2 :

Annotations:
D:5 1 runed translucent door, DiggyJ's ghost, amateur TrBe; Dowan; Duvessa


Innate Abilities, Weirdness & Mutations

((You are very nimble when in or above water. (Stealth+, EV+, Speed+++)))
Your lower body shifts to a powerful aquatic tail in water.


Message History

Duvessa seems to speed up.
You hit Duvessa.
Duvessa is lightly wounded.
Duvessa hits you but does no damage. Duvessa hits you with a +0 rapier!
You hit Duvessa.
Duvessa is lightly wounded.
Duvessa closely misses you. Duvessa barely misses you.
You hit Duvessa but do no damage.
Duvessa is lightly wounded.
Duvessa hits you with a +0 rapier!
You hit Duvessa but do no damage.
Duvessa is lightly wounded.
Duvessa barely misses you. Duvessa hits you with a +0 rapier!
Throw: 2 throwing nets
Press: ? - help, Q - select action, (/) - cycle Shift-Dir - straight line, f/p - Duvessa
Aim: Duvessa, wielding a +0 rapier and wearing a +0 ring mail (lightly wounded, berserk, fast, haloed, 87% to hit)
You throw a throwing net. The throwing net hits Duvessa.
Duvessa is caught in the net!
Duvessa is lightly wounded.
Duvessa struggles against the net.
You hit Duvessa.
Duvessa is lightly wounded.
Duvessa struggles against the net. x2
You slash Duvessa!
Duvessa is moderately wounded.
Duvessa struggles against the net. x2
The net rips apart, and Duvessa comes free!
You hit Duvessa.
Duvessa is heavily wounded.
Duvessa barely misses you.
You slash Duvessa!
Duvessa is severely wounded.
Duvessa barely misses you. Duvessa hits you with a +0 rapier!
* * * LOW HITPOINT WARNING * * *
You hit Duvessa.
Duvessa is severely wounded.
Duvessa hits you with a +0 rapier.
* * * LOW HITPOINT WARNING * * *
Duvessa hits you with a +0 rapier!
You die...

#...........# #...
#...........# ..##
#...†.......####.####
...............#.#..#
...............#....#
...............#....#
...............#e#..#
..##########...#e#..#
## #######...#@#e...
#.........#.#......
#.........#.###.e###
#.^.......#.# ...
#.......#.#.# #...
####.#....#.# ..##
#.#.####.# #†#......#
#.########


You could see Duvessa (berserk, fast) and Dowan.

Vanquished Creatures
  A scorpion (D:5)
  A necrophage (D:4)
  A howler monkey (D:4)
  3 hounds
  Terence (D:3)
  4 gnolls (D:2)
  6 adders
  2 dart slugs
  An orc (D:3)
  6 ball pythons
  6 endoplasms
  4 giant cockroaches
  5 hobgoblins
  4 jackals
  6 kobolds
  A quokka (D:1)
  2 bats
  2 frilled lizards
  5 goblins
  7 rats
68 creatures vanquished.

Notes
Turn   | Place    | Note
-------+----------+-------------------------------------------
     0 | D:1      | NotreDorf the Merfolk Gladiator began the quest for the
                  | Orb.
     0 | D:1      | Reached XP level 1. HP: 16/16 MP: 1/1
   111 | D:1      | Reached XP level 2. HP: 23/23 MP: 2/2
   634 | D:2      | Reached XP level 3. HP: 28/28 MP: 3/3
   873 | D:2      | Reached XP level 4. HP: 35/35 MP: 3/5
  1046 | D:2      | Found Powyschuga's Book Shop.
  1056 | D:2      | Reached skill level 5 in Dodging
  1056 | D:2      | Reached skill level 1 in Spellcasting
  1614 | D:2      | Reached XP level 5. HP: 41/41 MP: 6/6
  1688 | D:3      | Noticed Terence
  1701 | D:3      | Killed Terence
  1913 | D:3      | Identified the +5 trident of Xom's Righteous Anger {flame,
                  | Stlth+}
  2512 | D:3      | Learned a level 2 spell: Blink
  2618 | D:4      | Reached skill level 5 in Long Blades
  2665 | D:4      | Reached XP level 6. HP: 48/48 MP: 8/8
  2777 | D:4      | Found Biz Qoom's Book Emporium.
  3245 | D:5      | Entered Level 5 of the Dungeon
  3282 | D:5      | Found a runed translucent gate.
  3282 | D:5      | Noticed DiggyJ's ghost (amateur TrBe)
  3374 | D:5      | Reached skill level 6 in Dodging
  3524 | D:5      | Got Focun's Guidebook on Burning Blasts
  3574 | D:5      | Noticed Duvessa
  3575 | D:5      | Noticed Dowan
  3595 | D:5      | Slain by Duvessa

Illustrated notes

Levels and vault maps discovered:
D:1:      minmay_arrival_doors, layout_basic
D:2:      layout_rooms, serial_shops, shop, solitary_fountain
D:3:      layout_basic, minmay_misc_feat_x, uniq_terence
D:4:      layout_cave_pools, serial_shops, nicolae_shop_advertising_works
          [nicolae_subvault_shop_adworks]
D:5:      layout_basic, chequers_temple_overflow_statue_of_worship,
          biasface_ghost_orc_armoury, uniq_duvessa

Skill      XL: |  1  2  3  4  5  6 |
---------------+-------------------+-----
Long Blades    | 4 5 |  5.6
Fighting       | 3 4 |  4.4
Dodging        | 5 6 |  6.1
Spellcasting   | 1 2 |  2.5
Throwing       | |  2.0

Action                     |  1- 3 |  4- 6 || total
---------------------------+-------+-------++-------
  Melee: Long sword        |    67 |   164 ||   231
  Throw: Throwing net      |       |     2 ||     2
    Use: Scroll            |       |    15 ||    15
         Potion            |       |     1 ||     1
   Stab: Held in net/web   |       |     1 ||     1
 Armour: Leather armour    |    20 |    33 ||    53
  Dodge: Dodged            |    55 |   132 ||   187

Table legend: (Time is in decaauts)
 A = Elapsed time spent in this place.
 B = Non-inter-level travel time spent in this place.
 C = Inter-level travel time spent in this place.
 D = Time resting spent in this place.
 E = Time spent auto-exploring this place.
 F = Levels seen in this place.
 G = Mean time per level.
                   A        B        C        D        E       F      G
               +--------+--------+--------+--------+--------+-----+--------+
         Total |   3632 |   3507 |    125 |    238 |   2627 |   5 |  726.4 |
       Dungeon |   3632 |   3507 |    125 |    238 |   2627 |   5 |  726.4 |
               +--------+--------+--------+--------+--------+-----+--------+

Top non-repeatable levels by time:
     D:2: 996 daAuts
     D:3: 892 daAuts
     D:4: 714 daAuts
     D:1: 673 daAuts
     D:5: 355 daAuts
